 Dungeon Crawl Stone Soup version 0.24-b1 (webtiles) character file.

Game seed: 4111106917807586765, levelgen mode: deterministic

859 CryoSword the Skirmisher (level 7, -4/56 HPs)
             Began as a Demonspawn Fighter on Oct 13, 2019.
             Slain by a flying skull (7 damage)
             ... on level 1 of the Abyss.
             The game lasted 00:16:51 (6094 turns).

CryoSword the Skirmisher (Demonspawn Fighter)       Turns: 6094, Time: 00:16:51

Health: -4/56      AC:  8    Str: 22    XL:     7   Next: 71%
Magic:  7/7        EV: 10    Int: 10    God:
Gold:   235        SH:  0    Dex: 13    Spells: 6/6 levels left

rFire    . . .     SeeInvis .   t - +0 long sword
rCold    . . .     Gourm    .   (no shield)
rNeg     . . .     Faith    .   b - +0 scale mail
rPois    .         Spirit   .   i - +0 helmet
rElec    .         Reflect  .   p - +0 cloak
rCorr    .         Harm     .   (no gloves)
MR       .....                  (no boots)
Stlth    ..........             h - amulet of regeneration
HPRegen  0.18/turn              (no ring)
MPRegen  0.10/turn              (no ring)

@: mighty, flying
A: hooves 1, powered by pain 1, sturdy frame 1
a: no special abilities


You were on level 1 of the Abyss.
You were hungry.

You visited 1 branch of the dungeon, and saw 4 of its levels.
You visited the Abyss 1 time.

You collected 235 gold pieces.

Inventory:

Hand Weapons
 t - a +0 long sword (weapon)
   (You found it on level 2 of the Dungeon)
Missiles
 l - 24 poisoned darts (quivered)
 u - a throwing net {!f}
Armour
 b - a +0 scale mail (worn)
 c - a +0 shield
 i - a +0 helmet (worn)
   (You found it on level 1 of the Dungeon)
 p - a +0 cloak (worn)
   (You found it on level 3 of the Dungeon)
Jewellery
 h - an amulet of regeneration (around neck)
   (You found it on level 1 of the Abyss)
Wands
 m - a wand of polymorph (6)
   (You found it on level 2 of the Dungeon)
Scrolls
 a - a scroll of remove curse {unknown}
 e - 6 scrolls of identify {@r1}
 g - a scroll of random uselessness {unknown}
 k - 3 scrolls of immolation {unknown}
 n - a scroll of fear {unknown}
 r - a scroll of enchant weapon {unknown}
Potions
 j - 5 potions of curing {@q1}
 o - a potion of magic {unknown}
 s - 2 potions of lignification {unknown}
Comestibles
 f - 10 rations {!d}


   Skills:
 + Level 5.3 Fighting
   Level 4.9(5.3) Short Blades
 * Level 2.8(4.2) Long Blades
 - Level 2.6 Armour
 + Level 4.8 Shields


You had 6 spell levels left.
You didn't know any spells.
Your spell library contained the following spells:

 Spells                   Type           Power        Failure   Level  Hunger
 Corona                   Hex            #......      56%         1    ##.....


Dungeon Overview and Level Annotations

Branches:
Dungeon (4/15)
 Temple: D:4-7

Altars:
Elyvilon
Kikubaaqudgha
Makhleb
Sif Muna
Vehumet
Xom
Yredelemnul

Annotations:
D:4 Menkaure


Innate Abilities, Weirdness & Mutations

You have large cloven feet.
You sometimes gain a little power by taking damage.
Your movements are slightly less encumbered by armour. (ER -2)


Message History

You hit the tentacled starspawn.
You kick the tentacled starspawn, but do no damage.
The tentacled starspawn is lightly damaged.
The tentacled starspawn engulfs you but does no damage.
Tentacles burst from the starspawn's body! 2 starspawn tentacles come into view.
The starspawn tentacle grabs you. The starspawn tentacle constricts you.
The starspawn tentacle's grasp on you weakens, but your attempt to escape fails.
The starspawn tentacle loses its grip on you.
The tentacle pulls you backwards! The starspawn tentacle grabs you.
The starspawn tentacle constricts you.
The starspawn tentacle's grasp on you weakens, but your attempt to escape fails.
The starspawn tentacle loses its grip on you.
The tentacle pulls you backwards!
A hellwing comes into view.
The hellwing gives a chilling moan.
A mana viper comes into view.
The hellwing swoops through the air toward you!
The hellwing hits you. x2
The hellwing hits you!
* * * LOW HITPOINT WARNING * * *
The hellwing hits you but does no damage.
You feel a little less agile now. The hellwing hits you!
* * * LOW HITPOINT WARNING * * *
The hellwing barely misses you.
You are suddenly pulled into a different region of the Abyss!
You start resting.
You are feeling hungry.
You start resting.
A large abomination comes into view.
Found a ring mail.
You see here a ring mail.
You start resting.
A chaos spawn comes into view.
The chaos spawn growls angrily.
You start resting.
The chaos spawn is too close now for your liking.
You feel yourself speed up.
The chaos spawn ululates chillingly with its many mouths.
Found a runed mace and a scroll of identify.
Found a dented brass amulet.
Found a hardcover book.
e - 6 scrolls of identify {@r1} (gained 1)
Found a blackened glass wand.
An efreet comes into view.
It is wielding a +4 scimitar of flaming.
Found a leather armour.
You see here a dented brass amulet.
h - a dented brass amulet You sense that the amulet cannot attune itself to your injured body.
h - an amulet of regeneration (around neck)
You see here a book of Party Tricks.
A lurking horror and a flying skull come into view.
Your extra speed is starting to run out.
A tentacled starspawn comes into view.
Tentacles burst from the starspawn's body! 2 starspawn tentacles come into view.
You feel yourself slow down. The flying skull hits you.
* * * LOW HITPOINT WARNING * * *
The flying skull closely misses you. The flying skull hits you.
* * * LOW HITPOINT WARNING * * *
The flying skull hits you!
* * * LOW HITPOINT WARNING * * *
You focus on the pain.
You feel very mighty all of a sudden. The flying skull hits you.
* * * LOW HITPOINT WARNING * * *
It was a potion of flight.
You feel very buoyant.
You fly up into the air.
The flying skull barely misses you.
You slash the flying skull! Your kick misses the flying skull.
The flying skull is severely damaged.
The flying skull barely misses you. x2
You closely miss the flying skull. Your kick misses the flying skull.
The flying skull is severely damaged.
The flying skull hits you.
* * * LOW HITPOINT WARNING * * *
The flying skull hits you but does no damage.
Your scale mail prevents you from hitting the flying skull.
The flying skull is heavily damaged.
The flying skull hits you but does no damage.
You closely miss the flying skull.
The flying skull is heavily damaged.
The flying skull completely misses you. The flying skull closely misses you.
You miss the flying skull. Your kick misses the flying skull.
The flying skull is heavily damaged.
The flying skull closely misses you.
You riposte.
You hit the flying skull. Your kick misses the flying skull.
The flying skull is severely damaged.
The flying skull hits you!
* * * LOW HITPOINT WARNING * * *
You closely miss the flying skull.
You kick the flying skull, but do no damage.
The flying skull is severely damaged.
The flying skull hits you!
You die...

#.. #.# .. ... #.
# #.# ###. #.###..
# ..#. ....#
..#..## #..# .# ..
#@#
##.#..####z####..
.##. #.....X.. ..#
......#.#........#
.#..#..#......#.#
## ..#........
#.#..#........# #
...##########.
#.#...###...## .w


You could see a tentacled starspawn and a flying skull.

Vanquished Creatures
  Grinder (D:3)
  A phantom (D:4)
  An orc priest (D:4)
  A gnoll shaman (D:3)
  A centaur skeleton (D:4)
  Jessica (D:3)
  Natasha (thrice) (D:3)
  Terence (D:3)
  4 worker ants
  A hound skeleton (D:4)
  Robin (D:2)
  A howler monkey skeleton (D:4)
  7 adders
  5 gnolls
  An adder skeleton (D:4)
  3 worms
  5 dart slugs
  3 leopard geckos
  6 orcs
  3 ball pythons
  3 giant cockroaches
  12 goblins
  12 hobgoblins
  2 jackals (D:1)
  3 quokkas
  12 bats
  3 frilled lizards
  8 kobolds
  A leopard gecko skeleton (D:4)
  12 rats
  A spectral orc (D:4)
119 creatures vanquished.

Vanquished Creatures (others)
  2 hounds (D:4)
  An orc priest (D:4)
  An orc wizard (D:4)
  An adder (D:4)
  An ooze (D:4)
  A worm (D:4)
  An orc (D:4)
  A giant cockroach (D:4)
  A quokka (D:4)
  A frilled lizard (D:4)
  12 starspawn tentacles (Abyss:1)
23 creatures vanquished.

Grand Total: 142 creatures vanquished

Notes
Turn   | Place    | Note
-------+----------+-------------------------------------------
     0 | D:1      | CryoSword the Demonspawn Fighter began the quest for the
                  | Orb.
     0 | D:1      | Reached XP level 1. HP: 18/18 MP: 1/1
   123 | D:1      | Gained mutation: You sometimes gain a little power by
                  | taking damage. [demonic ancestry]
   123 | D:1      | Reached XP level 2. HP: 15/24 MP: 2/2
   781 | D:1      | Gained mutation: You have large cloven feet. [demonic
                  | ancestry]
   781 | D:1      | Reached XP level 3. HP: 28/29 MP: 3/3
  1944 | D:2      | Gained mutation: Your movements are slightly less
                  | encumbered by armour. (ER -2) [demonic ancestry]
  1944 | D:2      | Reached XP level 4. HP: 35/35 MP: 4/4
  2022 | D:3      | Noticed Robin
  2045 | D:2      | Killed Robin
  2223 | D:3      | Noticed Grinder
  2241 | D:3      | Paralysed by Grinder for 5 turns
  2675 | D:3      | Paralysed by Grinder for 3 turns
  2678 | D:3      | Killed Grinder
  2678 | D:3      | Reached skill level 4 in Fighting
  2678 | D:3      | Reached XP level 5. HP: 39/42 MP: 5/5
  2678 | D:3      | Reached XP level 6. HP: 45/48 MP: 6/6
  3020 | D:3      | Noticed Terence
  3042 | D:3      | Killed Terence
  3110 | D:3      | Found a burning altar of Makhleb.
  3112 | D:3      | Noticed Natasha
  3130 | D:3      | Killed Natasha
  3195 | D:3      | Noticed Natasha
  3206 | D:3      | Killed Natasha
  3260 | D:3      | Noticed Jessica
  3266 | D:3      | Killed Jessica
  3302 | D:3      | Noticed Natasha
  3560 | D:3      | Killed Natasha
  3699 | D:3      | Found a white marble altar of Elyvilon.
  4011 | D:4      | Reached XP level 7. HP: 55/55 MP: 7/7
  4399 | D:3      | Reached skill level 1 in Long Blades
  4669 | D:4      | Noticed Menkaure
  4778 | D:4      | Found a shimmering altar of Xom.
  4947 | D:3      | Reached skill level 5 in Fighting
  5316 | D:4      | Found a radiant altar of Vehumet.
  5320 | D:4      | Found an ancient bone altar of Kikubaaqudgha.
  5320 | D:4      | Found a shimmering blue altar of Sif Muna.
  5326 | D:4      | Identified Sif Muna's Almanac of Execration
  5582 | D:4      | Found a basalt altar of Yredelemnul.
  5755 | D:4      | Cast into level 1 of the Abyss (orc)
  5897 | Abyss:1  | Noticed a tentacled starspawn
  5933 | Abyss:1  | Noticed a hellwing
  5941 | Abyss:1  | Noticed a mana viper
  5989 | Abyss:1  | Noticed a large abomination
  5996 | Abyss:1  | Noticed a chaos spawn
  6051 | Abyss:1  | Noticed an efreet
  6060 | Abyss:1  | Noticed a flying skull
  6069 | Abyss:1  | Noticed a tentacled starspawn
  6094 | Abyss:1  | Slain by a flying skull

Skill      XL: |  1  2  3  4  5  6  7 |
---------------+----------------------+-----
Short Blades   | 2 3 4 |  4.9
Shields        | 3 4 |  4.8
Fighting       | 4 5 |  5.3
Long Blades    | 2 |  2.8
Armour         | |  2.6

Action                   |  1- 3 |  4- 6 |  7- 9 || total
-------------------------+-------+-------+-------++-------
Melee: Rapier            |   149 |   120 |       ||   269
       Kick              |    21 |    35 |    43 ||    99
       Long sword        |       |    11 |   137 ||   148
Throw: Dart              |     8 |    47 |     4 ||    59
  Use: Scroll            |     2 |       |       ||     2
       Potion            |       |     1 |     3 ||     4
  Eat: Chunk             |     3 |     7 |     6 ||    16
Armor: Scale mail        |    82 |    74 |    77 ||   233
Dodge: Dodged            |    89 |    84 |   123 ||   296
       Rpst.: Long sword |       |     4 |    27 ||    31
